Thunderbirds vs Rampage
(R2)
Created - May 22, 2021 at 19:10
Goals
|
| Thunderbirds |
1 |
1 |
4 |
1 |
7 |
| Rampage |
3 |
1 |
2 |
0 |
6 |
|
Shots
|
| Thunderbirds |
15 |
10 |
8 |
3 |
36 |
| Rampage |
8 |
14 |
10 |
1 |
33 |
|
1st period
1. Rampage , Alexandre Grenier 3 (Blake Pietila 4, Martin Hanzal 12) at 8:46
2. Rampage , Blake Pietila 9 (Martin Hanzal 13) at 11:23 (PP)
3. Rampage , Kyle Rau 4 (Jamie Oleksiak 2) at 12:56 (PP)
4. Thunderbirds , Jujhar Khaira 4 (Devin Shore 6) at 19:54
Penalties :
Alexandre Grenier (San) for Slashing (Minor) at 5:26, Ethan Bear (Spr) for High sticking (Double Minor) at 11:17
2nd period
5. Rampage , Eric Robinson 1 (Michael Stone 5) at 12:26
6. Thunderbirds , Devin Shore 6 (Jujhar Khaira 3, Tony DeAngelo 2) at 13:18
Penalties :
Dylan Sikura (Spr) for Unsportsmanlike conduct (Minor) at 4:11, Jacob De La Rose (Spr) for Roughing (Minor) at 10:16
3rd period
7. Thunderbirds , T.J. Tynan 3 (Petr Straka 4, Valentin Zykov 7) at 1:13
8. Thunderbirds , Jujhar Khaira 5 (Devin Shore 7, T.J. Tynan 5) at 1:56 (PP)
9. Rampage , Kyle Rau 5 (Max Friberg 5, Joe Morrow 6) at 7:02 (PP)
10. Thunderbirds , Devin Shore 7 (Tony DeAngelo 3, Jujhar Khaira 4) at 16:28
11. Rampage , Blake Pietila 10 (Alexandre Grenier 8, Martin Hanzal 14) at 17:20
12. Thunderbirds , Jujhar Khaira 6 (Tony DeAngelo 4, Devin Shore 8) at 18:01 (PP)
Penalties :
Jakub Zboril (San) for Slashing (Minor) at 1:50, Martin Marincin (Spr) for Hooking (Minor) at 6:24, Alexandre Grenier (San) for Tripping (Minor) at 7:07, Lawson Crouse (San) for Hooking (Minor) at 9:33, Nolan Vesey (San) for Holding (Minor) at 17:58
Overtime #1
13. Thunderbirds , T.J. Tynan 4 (Valentin Zykov 8, Petr Straka 5) at 5:48 (PP)
Penalties :
Joe Morrow (San) for Goalie Interference (Minor) at 2:43, Lawson Crouse (San) for Tripping (Minor) at 5:33
Goalie Stats
Anders Nilsson (Spr), 13 saves from 15 shots - (0.867), W, 3-0-0, 33:22 minutes
Joonas Korpisalo (Spr), 14 saves from 18 shots - (0.778), 32:26 minutes
Laurent Brossoit (San), 29 saves from 36 shots - (0.806), OTL, 4-2-1, 65:48 minutes
Players Stats for Thunderbirds
Player Name G A P +/- PIM S H SB GA TA FO MP PP MP PK MP
------------------------------------------------------------------------------------
Brandon Montour 0 0 0 -1 0 1 4 2 0 1 0/0 29:27 5:06 4:12
Christoffer Ehn 0 0 0 -2 0 0 0 0 0 1 1/10 11:27 0:00 3:25
Devin Shore 2 3 5 3 0 4 1 0 0 1 20/37 24:12 4:45 1:51
Dylan Sikura 0 0 0 -1 2 0 0 0 0 0 1/1 8:07 0:00 0:00
Ethan Bear 0 0 0 0 4 1 0 1 0 1 0/0 15:33 3:13 0:38
Jack Roslovic 0 0 0 -1 0 5 2 0 1 0 5/9 15:38 0:57 0:24
Jacob De La Rose 0 0 0 -2 2 1 1 0 0 1 0/1 15:47 0:00 2:29
Jujhar Khaira 3 2 5 3 0 3 3 0 3 0 0/5 23:30 4:56 0:49
Martin Frk 0 0 0 -1 0 5 1 0 1 0 0/0 14:46 1:06 0:00
Martin Marincin 0 0 0 1 2 3 1 1 0 4 0/0 23:23 0:00 3:34
Patrick Wey 0 0 0 0 0 0 0 1 0 1 0/0 26:12 3:13 0:00
Petr Straka 0 2 2 1 0 3 0 0 2 0 1/1 16:26 4:06 0:00
Roland McKeown 0 0 0 0 0 0 1 1 0 2 0/0 12:52 0:00 2:03
Roope Hintz 0 0 0 0 0 0 0 0 1 2 0/0 15:45 0:44 2:28
T.J. Tynan 2 1 3 2 0 5 1 1 0 1 5/13 21:32 3:56 1:04
Timo Meier 0 0 0 2 0 0 0 1 0 1 0/0 10:36 1:01 0:00
Tony DeAngelo 0 3 3 2 0 4 1 0 0 3 0/0 24:07 5:06 2:03
Valentin Zykov 0 2 2 -1 0 1 2 0 0 0 0/0 13:21 3:26 0:00
Players Stats for Rampage
Player Name G A P +/- PIM S H SB GA TA FO MP PP MP PK MP
------------------------------------------------------------------------------------
Alexandre Grenier 1 1 2 1 4 3 1 0 1 0 1/4 22:05 3:20 1:04
Anton Karlsson 0 0 0 0 0 0 0 0 0 0 0/0 0:40 0:04 0:00
Anton Lindholm 0 0 0 -1 0 0 0 1 0 0 0/0 11:23 0:04 0:00
Austin Wuthrich 0 0 0 0 0 0 0 0 0 0 0/0 0:40 0:04 0:00
Blake Pietila 2 1 3 1 0 6 2 1 4 1 4/6 25:40 3:20 4:47
Cameron Darcy 0 0 0 -1 0 0 0 0 0 0 7/11 11:54 0:00 0:00
Damon Severson 0 0 0 2 0 2 2 2 3 0 0/0 31:23 3:45 4:41
Dylan Sadowy 0 0 0 0 0 0 0 0 0 0 0/0 0:00 0:00 0:00
Eric Robinson 1 0 1 -1 0 1 0 0 1 1 0/0 7:11 0:00 0:03
Fredrik Olofsson 0 0 0 0 0 0 0 0 0 0 0/0 0:00 0:00 0:00
Jakub Zboril 0 0 0 -1 2 1 0 0 0 1 0/0 13:27 0:04 1:24
Jamie Oleksiak 0 1 1 2 0 0 7 0 1 0 0/0 31:23 3:45 4:41
Joe Morrow 0 1 1 -2 2 2 2 3 0 0 0/0 20:56 2:26 2:14
Kevin Stenlund 0 0 0 0 0 0 0 0 0 0 0/0 0:00 0:00 0:00
Kyle Rau 2 0 2 0 0 5 1 0 1 1 5/8 17:27 2:51 0:40
Lawson Crouse 0 0 0 0 4 0 4 1 0 0 0/1 18:00 2:51 1:08
Martin Hanzal 0 3 3 1 0 5 2 1 1 0 26/42 25:34 3:20 4:46
Matthew Highmore 0 0 0 -1 0 0 2 0 0 0 1/1 7:08 0:00 0:00
Max Friberg 0 1 1 0 0 2 2 0 1 2 0/1 19:06 2:51 2:12
Michael Stone 0 1 1 -2 0 1 0 3 5 1 0/0 23:02 2:26 3:38
Nolan Vesey 0 0 0 -1 2 0 2 0 0 1 0/2 11:53 0:00 0:00
Thomas Spelling 0 0 0 -1 0 3 0 0 1 0 0/0 11:54 0:00 0:00
Vaclav Karabacek 0 0 0 0 0 0 0 0 0 0 0/0 2:21 0:00 1:58
Victor Olofsson 0 0 0 -1 0 2 0 0 0 0 0/1 7:08 0:00 0:00
Zachary Senyshyn 0 0 0 0 0 0 0 0 0 0 0/0 0:19 0:04 0:00
3 Stars
1 - Jujhar Khaira (Spr)
2 - Devin Shore (Spr)
3 - T.J. Tynan (Spr)
Power Play
Thunderbirds - 3 on 7 Attempt(s) - 42.86%
Rampage - 3 on 5 Attempt(s) - 60.00%
Penalty Kill
Thunderbirds - 2 on 5 Attempt(s) - 40.00%
- Score 0 goal in Penalty Kill
Rampage - 4 on 7 Attempt(s) - 57.14%
- Score 0 goal in Penalty Kill
Team Stat
Thunderbirds - Hits : 18 - Faceoff Wins : 33 - Blocked Shots : 8 - Penalty Minutes : 10
Rampage - Hits : 27 - Faceoff Wins : 44 - Blocked Shots : 12 - Penalty Minutes : 14
Official
Referees : Unknown
Linesman : Unknown
Game Notes
Anders Nilsson enters game at 12:26 of 2nd period
Timo Meier is injured at 17:08 of 2nd period (Bruised Right Shoulder)
Jujhar Khaira has scored a Hat Trick!
Finance
Level 1 -- Attendance: 1755 (87.75%) -- Ticket Income $70,200
Level 2 -- Attendance: 967 (96.70%) -- Ticket Income $19,340
Total Attendance: 2722 (90.73%)
Total Ticket Income: $89,540
Other Income: $4,477
Total Income: $94,017
Thunderbirds
5 vs 5 Forward
Center Left Wing Right Wing Time % Phy DF OF
1 Devin Shore Jujhar Khaira Timo Meier 40 1 2 2
2 T.J. Tynan Roope Hintz Petr Straka 30 1 2 2
3 Jack Roslovic Jacob De La Rose Martin Frk 20 1 2 2
4 Christoffer Ehn Valentin Zykov Dylan Sikura 10 1 2 2
5 vs 5 Defense
Defense Defense Time % Phy DF OF
1 Patrick Wey Brandon Montour 40 1 2 2
2 Martin Marincin Tony DeAngelo 30 1 2 2
3 Roland McKeown Ethan Bear 20 1 2 2
4 Patrick Wey Martin Marincin 10 1 2 2
PowerPlay Forward
Center Left Wing Right Wing Time % Phy DF OF
1 Devin Shore Jujhar Khaira Timo Meier 60 1 2 2
2 T.J. Tynan Valentin Zykov Petr Straka 40 1 2 2
PowerPlay Defense
Defense Defense Time % Phy DF OF
1 Brandon Montour Tony DeAngelo 60 1 2 2
2 Patrick Wey Ethan Bear 40 1 2 2
Penalty Kill 4 Players Forward
Center Wing Time % Phy DF OF
1 Christoffer Ehn Jacob De La Rose 60 1 2 2
2 T.J. Tynan Roope Hintz 40 1 2 2
Penalty Kill 4 Players Defense
Defense Defense Time % Phy DF OF
1 Martin Marincin Brandon Montour 60 1 2 2
2 Tony DeAngelo Roland McKeown 40 1 2 2
Penalty Kill - 3 Players Forward
Forward Time % Phy DF OF
1 Christoffer Ehn 60 1 2 2
2 Jacob De La Rose 40 1 2 2
Penalty Kill - 3 Players Defense
Defense Defense Time % Phy DF OF
1 Roland McKeown Martin Marincin 60 1 2 2
2 Brandon Montour Tony DeAngelo 40 1 2 2
4 vs 4 Forward
Center Wing Time % Phy DF OF
1 Devin Shore Jujhar Khaira 60 1 2 2
2 T.J. Tynan Timo Meier 40 1 2 2
4 vs 4 Defense
Defense Defense Time % Phy DF OF
1 Patrick Wey Martin Marincin 60 1 2 2
2 Brandon Montour Tony DeAngelo 40 1 2 2
Last Minutes Offensive
Center Left Wing Right Wing Defense Defense
Devin Shore Jujhar Khaira Timo Meier Patrick Wey Tony DeAngelo
Last Minutes Defensive
Center Left Wing Right Wing Defense Defense
Christoffer Ehn Jacob De La Rose Dylan Sikura Brandon Montour Martin Marincin
Goaltenders
Starting : Joonas Korpisalo
Backup : Anders Nilsson
Extra Forwards
Normal : T.J. Tynan, Valentin Zykov, Jack Roslovic - PP : T.J. Tynan, Valentin Zykov - PK : Devin Shore
Extra Defensemen
Normal : Roland McKeown, Ethan Bear, Brandon Montour - PP : Roland McKeown - PK : Ethan Bear, Brandon Montour
Penalty Shots
Jack Roslovic, Devin Shore, Petr Straka, T.J. Tynan, Roope Hintz
Scratches
Alan Quine (Healthy), Collin Miller (Healthy), Scott Wilson (Healthy), Adam Clendening (Healthy), Nikita Nesterov (Healthy)
Hudson Fasching (Healthy), Eamon McAdam (Healthy)
Rampage
5 vs 5 Forward
Center Left Wing Right Wing Time % Phy DF OF
1 Martin Hanzal Blake Pietila Alexandre Grenier 40 1 2 2
2 Kyle Rau Lawson Crouse Max Friberg 30 1 2 2
3 Cameron Darcy Nolan Vesey Thomas Spelling 20 1 2 2
4 Matthew Highmore Eric Robinson Victor Olofsson 10 1 2 2
5 vs 5 Defense
Defense Defense Time % Phy DF OF
1 Jamie Oleksiak Damon Severson 40 1 2 2
2 Michael Stone Joe Morrow 30 1 2 2
3 Anton Lindholm Jakub Zboril 20 1 2 2
4 Jamie Oleksiak Damon Severson 10 1 2 2
PowerPlay Forward
Center Left Wing Right Wing Time % Phy DF OF
1 Martin Hanzal Blake Pietila Alexandre Grenier 60 1 2 2
2 Kyle Rau Lawson Crouse Max Friberg 40 1 2 2
PowerPlay Defense
Defense Defense Time % Phy DF OF
1 Jamie Oleksiak Damon Severson 60 1 2 2
2 Michael Stone Joe Morrow 40 1 2 2
Penalty Kill 4 Players Forward
Center Wing Time % Phy DF OF
1 Martin Hanzal Blake Pietila 60 1 2 2
2 Alexandre Grenier Max Friberg 40 1 2 2
Penalty Kill 4 Players Defense
Defense Defense Time % Phy DF OF
1 Jamie Oleksiak Damon Severson 60 1 2 2
2 Michael Stone Joe Morrow 40 1 2 2
Penalty Kill - 3 Players Forward
Forward Time % Phy DF OF
1 Martin Hanzal 60 1 2 2
2 Blake Pietila 40 1 2 2
Penalty Kill - 3 Players Defense
Defense Defense Time % Phy DF OF
1 Jamie Oleksiak Damon Severson 60 1 2 2
2 Michael Stone Joe Morrow 40 1 2 2
4 vs 4 Forward
Center Wing Time % Phy DF OF
1 Martin Hanzal Blake Pietila 60 1 2 2
2 Alexandre Grenier Max Friberg 40 1 2 2
4 vs 4 Defense
Defense Defense Time % Phy DF OF
1 Jamie Oleksiak Damon Severson 60 1 2 2
2 Michael Stone Joe Morrow 40 1 2 2
Last Minutes Offensive
Center Left Wing Right Wing Defense Defense
Martin Hanzal Blake Pietila Alexandre Grenier Jamie Oleksiak Damon Severson
Last Minutes Defensive
Center Left Wing Right Wing Defense Defense
Martin Hanzal Blake Pietila Alexandre Grenier Jamie Oleksiak Damon Severson
Goaltenders
Starting : Laurent Brossoit
Backup : Ebbe Siönäs
Extra Forwards
Normal : Austin Wuthrich, Anton Karlsson, Vaclav Karabacek - PP : Austin Wuthrich, Anton Karlsson - PK : Vaclav Karabacek
Extra Defensemen
Normal : Anton Lindholm, Jakub Zboril, Michael Stone - PP : Anton Lindholm - PK : Jakub Zboril, Michael Stone
Penalty Shots
Martin Hanzal, Blake Pietila, Alexandre Grenier, Max Friberg, Kyle Rau
Scratches
Louis Belpedio (Healthy), Kyle Pettit (Healthy), Jeffrey Foss (Bruised Right Shoulder Injury)
% Time on Ice - Thunderbirds
Lines # - Real PCT - Wanted PCT - Time Play
Normal Forward
1 - 37% - 40% - 18:47
2 - 22% - 30% - 11:28
3 - 26% - 20% - 13:08
4 - 15% - 10% - 7:51
Normal Defense
1 - 39% - 40% - 20:09
2 - 34% - 30% - 17:28
3 - 21% - 20% - 10:49
4 - 5% - 10% - 2:48
PP Forward
1 - 69% - 60% - 5:42
2 - 31% - 40% - 2:37
PP Defense
1 - 61% - 60% - 5:06
2 - 39% - 40% - 3:13
PK Forward
1 - 83% - 60% - 5:11
2 - 17% - 40% - 1:04
PK Defense
1 - 67% - 60% - 4:12
2 - 33% - 40% - 2:03
PK3 Forward
1 - 0% - 60%
2 - 0% - 40%
PK3 Defense
1 - 0% - 60%
2 - 0% - 40%
44 Forward
1 - 0% - 60%
2 - 0% - 40%
44 Defense
1 - 0% - 60%
2 - 0% - 40%
Last Minute Offensive - 0:00
Last Minute Defensive - 0:00
Total
Forward - 65:48
Defense - 65:48
|
% Time on Ice - Rampage
Lines # - Real PCT - Wanted PCT - Time Play
Normal Forward
1 - 35% - 40% - 17:45
2 - 28% - 30% - 14:27
3 - 23% - 20% - 11:54
4 - 14% - 10% - 7:08
Normal Defense
1 - 41% - 40% - 21:02
2 - 33% - 30% - 16:58
3 - 22% - 20% - 11:02
4 - 4% - 10% - 2:12
PP Forward
1 - 54% - 60% - 3:24
2 - 46% - 40% - 2:51
PP Defense
1 - 61% - 60% - 3:49
2 - 39% - 40% - 2:26
PK Forward
1 - 74% - 60% - 6:07
2 - 26% - 40% - 2:12
PK Defense
1 - 56% - 60% - 4:41
2 - 44% - 40% - 3:38
PK3 Forward
1 - 0% - 60%
2 - 0% - 40%
PK3 Defense
1 - 0% - 60%
2 - 0% - 40%
44 Forward
1 - 0% - 60%
2 - 0% - 40%
44 Defense
1 - 0% - 60%
2 - 0% - 40%
Last Minute Offensive - 0:00
Last Minute Defensive - 0:00
Total
Forward - 65:48
Defense - 65:48
|
Play-by-Play
1st period
0:01 of 1st period - Martin Hanzal wins face-off versus Devin Shore in neutral zone.
1:10 of 1st period - Martin Marincin is hit by Jamie Oleksiak and loses puck.
1:27 of 1st period - Icing by Martin Marincin.
1:28 of 1st period - Martin Hanzal wins face-off versus Christoffer Ehn in Thunderbirds zone.
1:29 of 1st period - Snap shot by Blake Pietila.
1:29 of 1st period - Shot Blocked by Martin Marincin.
1:34 of 1st period - Off-side.
1:35 of 1st period - Devin Shore wins face-off versus Martin Hanzal in neutral zone.
2:06 of 1st period - Anton Lindholm is hit by Martin Frk and loses puck.
2:15 of 1st period - Slapshot by Jack Roslovic.
2:15 of 1st period - Stopped by Laurent Brossoit without a rebound.
2:16 of 1st period - T.J. Tynan wins face-off versus Lawson Crouse in Rampage zone.
2:27 of 1st period - Snap shot by Petr Straka.
2:27 of 1st period - Shot Misses the Net.
2:29 of 1st period - Slapshot by Brandon Montour.
2:29 of 1st period - Shot Misses the Net.
2:31 of 1st period - Slapshot by Brandon Montour.
2:31 of 1st period - Shot Blocked by Michael Stone.
3:03 of 1st period - Wrist shot by Valentin Zykov.
3:03 of 1st period - Shot Misses the Net.
3:05 of 1st period - Snap shot by Christoffer Ehn.
3:05 of 1st period - Shot Misses the Net.
3:07 of 1st period - Slapshot by Martin Marincin.
3:07 of 1st period - Shot Blocked by Joe Morrow.
3:09 of 1st period - Slapshot by Christoffer Ehn.
3:09 of 1st period - Shot Misses the Net.
3:11 of 1st period - Snap shot by Tony DeAngelo.
3:11 of 1st period - Stopped by Laurent Brossoit with a rebound.
3:13 of 1st period - Wrist shot by Christoffer Ehn.
3:13 of 1st period - Shot Misses the Net.
3:15 of 1st period - Slapshot by Tony DeAngelo.
3:15 of 1st period - Shot Blocked by Joe Morrow.
3:25 of 1st period - Devin Shore is hit by Nolan Vesey.
5:10 of 1st period - Icing by Victor Olofsson.
5:11 of 1st period - Matthew Highmore wins face-off versus T.J. Tynan in Rampage zone.
5:16 of 1st period - Snap shot by Petr Straka.
5:16 of 1st period - Stopped by Laurent Brossoit without a rebound.
5:17 of 1st period - Devin Shore wins face-off versus Alexandre Grenier in Rampage zone.
5:22 of 1st period - Snap shot by Devin Shore.
5:22 of 1st period - Stopped by Laurent Brossoit without a rebound.
5:23 of 1st period - Martin Hanzal wins face-off versus Devin Shore in Rampage zone.
5:23 of 1st period - Martin Hanzal is hit by Devin Shore.
5:26 of 1st period - Minor Penalty to Alexandre Grenier for Slashing.
5:27 of 1st period - Devin Shore wins face-off versus Martin Hanzal in Rampage zone.
7:26 of 1st period - Penalty to Alexandre Grenier is over, Alexandre Grenier is back on ice.
8:36 of 1st period - Off-side.
8:37 of 1st period - Dylan Sikura wins face-off versus Martin Hanzal in neutral zone.
8:44 of 1st period - Snap shot by Martin Hanzal.
8:44 of 1st period - Deflect By Blake Pietila.
8:44 of 1st period - Stopped by Joonas Korpisalo with a rebound.
8:46 of 1st period - Wrist shot by Alexandre Grenier.
8:46 of 1st period - Goal by Alexandre Grenier - Thunderbirds : 0 - Rampage : 1.
8:47 of 1st period - Martin Hanzal wins face-off versus T.J. Tynan in neutral zone.
9:45 of 1st period - Snap shot by Martin Frk.
9:45 of 1st period - Stopped by Laurent Brossoit without a rebound.
9:46 of 1st period - T.J. Tynan wins face-off versus Martin Hanzal in Rampage zone.
10:42 of 1st period - Snap shot by Thomas Spelling.
10:42 of 1st period - Stopped by Joonas Korpisalo with a rebound.
10:59 of 1st period - Snap shot by T.J. Tynan.
10:59 of 1st period - Stopped by Laurent Brossoit without a rebound.
11:00 of 1st period - Devin Shore wins face-off versus Martin Hanzal in Rampage zone.
11:15 of 1st period - Wrist shot by Alexandre Grenier.
11:15 of 1st period - Shot Misses the Net.
11:17 of 1st period - Double Minor Penalty to Ethan Bear for High sticking.
11:18 of 1st period - Martin Hanzal wins face-off versus Christoffer Ehn in Thunderbirds zone.
11:23 of 1st period - Snap shot by Blake Pietila.
11:23 of 1st period - Goal by Blake Pietila - Thunderbirds : 0 - Rampage : 2.
11:24 of 1st period - Martin Hanzal wins face-off versus Christoffer Ehn in neutral zone.
11:49 of 1st period - Jacob De La Rose is hit by Jamie Oleksiak.
11:53 of 1st period - Slapshot by Max Friberg.
11:53 of 1st period - Stopped by Joonas Korpisalo with a rebound.
11:55 of 1st period - Slapshot by Kyle Rau.
11:55 of 1st period - Stopped by Joonas Korpisalo without a rebound.
11:56 of 1st period - Kyle Rau wins face-off versus Christoffer Ehn in Thunderbirds zone.
12:25 of 1st period - Slapshot by Martin Hanzal.
12:25 of 1st period - Stopped by Joonas Korpisalo without a rebound.
12:26 of 1st period - Martin Hanzal wins face-off versus Christoffer Ehn in Thunderbirds zone.
12:51 of 1st period - Brandon Montour is hit by Jamie Oleksiak and loses puck.
12:56 of 1st period - Snap shot by Kyle Rau.
12:56 of 1st period - Goal by Kyle Rau - Thunderbirds : 0 - Rampage : 3.
12:57 of 1st period - Devin Shore wins face-off versus Martin Hanzal in neutral zone.
13:45 of 1st period - Backhand shot by Martin Frk.
13:45 of 1st period - Stopped by Laurent Brossoit with a rebound.
13:47 of 1st period - Snap shot by Ethan Bear.
13:47 of 1st period - Stopped by Laurent Brossoit with a rebound.
13:49 of 1st period - Snap shot by Jacob De La Rose.
13:49 of 1st period - Shot Misses the Net.
14:05 of 1st period - Christoffer Ehn is hit by Jamie Oleksiak and loses puck.
15:19 of 1st period - Icing by Tony DeAngelo.
15:20 of 1st period - Martin Hanzal wins face-off versus Jack Roslovic in Thunderbirds zone.
15:21 of 1st period - Snap shot by Blake Pietila.
15:21 of 1st period - Shot Misses the Net.
15:38 of 1st period - Slapshot by Jack Roslovic.
15:38 of 1st period - Shot Hit the Post.
15:40 of 1st period - Slapshot by Tony DeAngelo.
15:40 of 1st period - Shot Blocked by Michael Stone.
15:42 of 1st period - Slapshot by Martin Marincin.
15:42 of 1st period - Stopped by Laurent Brossoit with a rebound.
15:44 of 1st period - Slapshot by Martin Marincin.
15:44 of 1st period - Stopped by Laurent Brossoit with a rebound.
15:46 of 1st period - Wrist shot by Jack Roslovic.
15:46 of 1st period - Stopped by Laurent Brossoit with a rebound.
15:48 of 1st period - Wrist shot by Martin Frk.
15:48 of 1st period - Deflect By Jack Roslovic.
15:48 of 1st period - Stopped by Laurent Brossoit with a rebound.
15:50 of 1st period - Slapshot by Tony DeAngelo.
15:50 of 1st period - Stopped by Laurent Brossoit without a rebound.
15:51 of 1st period - Kyle Rau wins face-off versus Devin Shore in Rampage zone.
15:51 of 1st period - Kyle Rau is hit by Jujhar Khaira.
15:59 of 1st period - Snap shot by Max Friberg.
15:59 of 1st period - Shot Blocked by Brandon Montour.
16:44 of 1st period - Backhand shot by Valentin Zykov.
16:44 of 1st period - Shot Misses the Net.
17:22 of 1st period - Slapshot by Jujhar Khaira.
17:22 of 1st period - Shot Misses the Net.
17:47 of 1st period - Roope Hintz is hit by Nolan Vesey and loses puck.
18:07 of 1st period - T.J. Tynan is hit by Martin Hanzal.
18:15 of 1st period - Snap shot by Petr Straka.
18:15 of 1st period - Stopped by Laurent Brossoit with a rebound.
18:27 of 1st period - Snap shot by Eric Robinson.
18:27 of 1st period - Shot Misses the Net.
18:40 of 1st period - T.J. Tynan is hit by Matthew Highmore and loses puck.
18:57 of 1st period - Damon Severson is hit by Jujhar Khaira.
19:54 of 1st period - Wrist shot by Devin Shore.
19:54 of 1st period - Deflect By Jujhar Khaira.
19:54 of 1st period - Goal by Jujhar Khaira - Thunderbirds : 1 - Rampage : 3.
19:55 of 1st period - Devin Shore wins face-off versus Martin Hanzal in neutral zone.
Goals for this period are 1 for Thunderbirds vs 3 for Rampage.
Shots for this period are 15 for Thunderbirds vs 8 for Rampage.
2nd period
0:01 of 2nd period - Martin Hanzal wins face-off versus Devin Shore in neutral zone.
0:08 of 2nd period - Snap shot by Blake Pietila.
0:08 of 2nd period - Stopped by Joonas Korpisalo with a rebound.
0:10 of 2nd period - Snap shot by Alexandre Grenier.
0:10 of 2nd period - Stopped by Joonas Korpisalo with a rebound.
0:14 of 2nd period - Snap shot by Martin Hanzal.
0:14 of 2nd period - Stopped by Joonas Korpisalo with a rebound.
0:30 of 2nd period - Snap shot by Petr Straka.
0:30 of 2nd period - Stopped by Laurent Brossoit with a rebound.
0:36 of 2nd period - Snap shot by Damon Severson.
0:36 of 2nd period - Stopped by Joonas Korpisalo without a rebound.
0:37 of 2nd period - Martin Hanzal wins face-off versus Jujhar Khaira in Thunderbirds zone.
0:47 of 2nd period - Off-side.
0:48 of 2nd period - Martin Hanzal wins face-off versus Devin Shore in neutral zone.
0:53 of 2nd period - Snap shot by Martin Hanzal.
0:53 of 2nd period - Stopped by Joonas Korpisalo without a rebound.
0:54 of 2nd period - Martin Hanzal wins face-off versus Devin Shore in Thunderbirds zone.
1:19 of 2nd period - Martin Hanzal is hit by Jacob De La Rose and loses puck.
1:35 of 2nd period - Icing by Martin Frk.
1:36 of 2nd period - Jack Roslovic wins face-off versus Kyle Rau in Thunderbirds zone.
2:03 of 2nd period - Off-side.
2:04 of 2nd period - Cameron Darcy wins face-off versus Devin Shore in neutral zone.
2:29 of 2nd period - Tony DeAngelo is hit by Lawson Crouse and loses puck.
3:51 of 2nd period - Snap shot by Max Friberg.
3:51 of 2nd period - Shot Misses the Net.
3:57 of 2nd period - Max Friberg is hit by Brandon Montour and loses puck.
4:11 of 2nd period - Minor Penalty to Dylan Sikura for Unsportsmanlike conduct.
4:12 of 2nd period - Martin Hanzal wins face-off versus Christoffer Ehn in Thunderbirds zone.
4:42 of 2nd period - Slapshot by Damon Severson.
4:42 of 2nd period - Stopped by Joonas Korpisalo with a rebound.
6:11 of 2nd period - Penalty to Dylan Sikura is over, Dylan Sikura is back on ice.
6:27 of 2nd period - Off-side.
6:28 of 2nd period - Cameron Darcy wins face-off versus T.J. Tynan in neutral zone.
7:05 of 2nd period - Snap shot by Damon Severson.
7:05 of 2nd period - Shot Misses the Net.
7:21 of 2nd period - Snap shot by Dylan Sikura.
7:21 of 2nd period - Shot Misses the Net.
7:43 of 2nd period - Brandon Montour is hit by Max Friberg and loses puck.
8:24 of 2nd period - Slapshot by Victor Olofsson.
8:24 of 2nd period - Shot Blocked by Ethan Bear.
8:26 of 2nd period - Wrist shot by Victor Olofsson.
8:26 of 2nd period - Shot Misses the Net.
8:28 of 2nd period - Wrist shot by Eric Robinson.
8:28 of 2nd period - Shot Misses the Net.
8:30 of 2nd period - Slapshot by Jakub Zboril.
8:30 of 2nd period - Stopped by Joonas Korpisalo without a rebound.
8:31 of 2nd period - Devin Shore wins face-off versus Alexandre Grenier in Thunderbirds zone.
8:31 of 2nd period - Devin Shore is hit by Blake Pietila.
9:14 of 2nd period - Icing by Petr Straka.
9:15 of 2nd period - Jack Roslovic wins face-off versus Cameron Darcy in Thunderbirds zone.
9:26 of 2nd period - Snap shot by Jack Roslovic.
9:26 of 2nd period - Shot Misses the Net.
9:28 of 2nd period - Snap shot by Jack Roslovic.
9:28 of 2nd period - Deflect By Martin Frk.
9:28 of 2nd period - Stopped by Laurent Brossoit with a rebound.
9:30 of 2nd period - Snap shot by Jack Roslovic.
9:30 of 2nd period - Shot Blocked by Michael Stone.
9:50 of 2nd period - Patrick Wey is hit by Joe Morrow and loses puck.
10:07 of 2nd period - Snap shot by Kyle Rau.
10:07 of 2nd period - Stopped by Joonas Korpisalo with a rebound.
10:09 of 2nd period - Slapshot by Joe Morrow.
10:09 of 2nd period - Shot Blocked by T.J. Tynan.
10:11 of 2nd period - Slapshot by Michael Stone.
10:11 of 2nd period - Shot Misses the Net.
10:13 of 2nd period - Slapshot by Michael Stone.
10:13 of 2nd period - Stopped by Joonas Korpisalo without a rebound.
10:14 of 2nd period - Jack Roslovic wins face-off versus Max Friberg in Thunderbirds zone.
10:16 of 2nd period - Minor Penalty to Jacob De La Rose for Roughing.
10:17 of 2nd period - Martin Hanzal wins face-off versus Christoffer Ehn in Thunderbirds zone.
10:31 of 2nd period - Snap shot by Christoffer Ehn.
10:31 of 2nd period - Shot Misses the Net.
10:43 of 2nd period - Christoffer Ehn is hit by Jamie Oleksiak and loses puck.
10:54 of 2nd period - Snap shot by Max Friberg.
10:54 of 2nd period - Shot Misses the Net.
11:18 of 2nd period - Tony DeAngelo is hit by Lawson Crouse and loses puck.
12:03 of 2nd period - Devin Shore is hit by Lawson Crouse and loses puck.
12:16 of 2nd period - Penalty to Jacob De La Rose is over, Jacob De La Rose is back on ice.
12:26 of 2nd period - Wrist shot by Eric Robinson.
12:26 of 2nd period - Goal by Eric Robinson - Thunderbirds : 1 - Rampage : 4.
12:26 of 2nd period - Anders Nilsson enters game.
12:27 of 2nd period - Jack Roslovic wins face-off versus Cameron Darcy in neutral zone.
12:27 of 2nd period - Martin Frk is hit by Jamie Oleksiak and loses puck.
12:34 of 2nd period - Snap shot by Thomas Spelling.
12:34 of 2nd period - Stopped by Anders Nilsson without a rebound.
12:35 of 2nd period - Cameron Darcy wins face-off versus Jacob De La Rose in Thunderbirds zone.
13:02 of 2nd period - Snap shot by Devin Shore.
13:02 of 2nd period - Stopped by Laurent Brossoit without a rebound.
13:03 of 2nd period - Devin Shore wins face-off versus Martin Hanzal in Rampage zone.
13:14 of 2nd period - Wrist shot by Devin Shore.
13:14 of 2nd period - Shot Misses the Net.
13:16 of 2nd period - Slapshot by Tony DeAngelo.
13:16 of 2nd period - Shot Misses the Net.
13:18 of 2nd period - Snap shot by Jujhar Khaira.
13:18 of 2nd period - Deflect By Devin Shore.
13:18 of 2nd period - Goal by Devin Shore - Thunderbirds : 2 - Rampage : 4.
13:19 of 2nd period - Blake Pietila wins face-off versus Devin Shore in neutral zone.
13:44 of 2nd period - Brandon Montour is hit by Damon Severson and loses puck.
14:03 of 2nd period - Snap shot by Thomas Spelling.
14:03 of 2nd period - Stopped by Anders Nilsson without a rebound.
14:04 of 2nd period - Cameron Darcy wins face-off versus Jack Roslovic in Thunderbirds zone.
14:07 of 2nd period - Snap shot by Cameron Darcy.
14:07 of 2nd period - Deflect By Nolan Vesey.
14:07 of 2nd period - Shot Misses the Net.
14:07 of 2nd period - Puck is out of play.
14:08 of 2nd period - Devin Shore wins face-off versus Nolan Vesey in Thunderbirds zone.
14:23 of 2nd period - Cameron Darcy is hit by Brandon Montour and loses puck.
15:26 of 2nd period - Snap shot by Tony DeAngelo.
15:26 of 2nd period - Stopped by Laurent Brossoit without a rebound.
15:27 of 2nd period - Devin Shore wins face-off versus Victor Olofsson in Rampage zone.
15:38 of 2nd period - Slapshot by Martin Marincin.
15:38 of 2nd period - Stopped by Laurent Brossoit without a rebound.
15:39 of 2nd period - Martin Hanzal wins face-off versus Devin Shore in Rampage zone.
16:14 of 2nd period - Snap shot by Kyle Rau.
16:14 of 2nd period - Stopped by Anders Nilsson with a rebound.
16:32 of 2nd period - Wrist shot by Jack Roslovic.
16:32 of 2nd period - Stopped by Laurent Brossoit with a rebound.
16:56 of 2nd period - Wrist shot by Tony DeAngelo.
16:56 of 2nd period - Stopped by Laurent Brossoit with a rebound.
17:08 of 2nd period - Slapshot by Michael Stone.
17:08 of 2nd period - Shot Blocked by Timo Meier.
17:08 of 2nd period - Timo Meier from Thunderbirds is injured at 17:08 of 2nd period (Bruised Right Shoulder).
17:09 of 2nd period - Martin Hanzal wins face-off versus Devin Shore in Thunderbirds zone.
17:16 of 2nd period - Slapshot by Blake Pietila.
17:16 of 2nd period - Stopped by Anders Nilsson with a rebound.
17:24 of 2nd period - Snap shot by Jujhar Khaira.
17:24 of 2nd period - Shot Blocked by Damon Severson.
17:34 of 2nd period - Jamie Oleksiak is hit by Valentin Zykov and loses puck.
17:45 of 2nd period - Wrist shot by Dylan Sikura.
17:45 of 2nd period - Shot Misses the Net.
17:54 of 2nd period - Icing by Damon Severson.
17:55 of 2nd period - Kyle Rau wins face-off versus Jack Roslovic in Rampage zone.
18:08 of 2nd period - Wrist shot by Damon Severson.
18:08 of 2nd period - Shot Misses the Net.
18:14 of 2nd period - Martin Frk is hit by Max Friberg and loses puck.
18:41 of 2nd period - Slapshot by Martin Marincin.
18:41 of 2nd period - Deflect By Jack Roslovic.
18:41 of 2nd period - Shot Misses the Net.
18:41 of 2nd period - Puck is out of play.
18:42 of 2nd period - Blake Pietila wins face-off versus Jujhar Khaira in Rampage zone.
18:42 of 2nd period - Blake Pietila is hit by Jujhar Khaira.
19:16 of 2nd period - Snap shot by Valentin Zykov.
19:16 of 2nd period - Shot Blocked by Joe Morrow.
19:18 of 2nd period - Backhand shot by Brandon Montour.
19:18 of 2nd period - Stopped by Laurent Brossoit without a rebound.
19:19 of 2nd period - Petr Straka wins face-off versus Martin Hanzal in Rampage zone.
19:22 of 2nd period - Snap shot by T.J. Tynan.
19:22 of 2nd period - Stopped by Laurent Brossoit with a rebound.
19:24 of 2nd period - Snap shot by Roope Hintz.
19:24 of 2nd period - Shot Misses the Net.
19:28 of 2nd period - Snap shot by Roope Hintz.
19:28 of 2nd period - Shot Blocked by Blake Pietila.
Goals for this period are 1 for Thunderbirds vs 1 for Rampage.
Shots for this period are 10 for Thunderbirds vs 14 for Rampage.
3rd period
0:01 of 3rd period - Devin Shore wins face-off versus Blake Pietila in neutral zone.
0:01 of 3rd period - T.J. Tynan is hit by Damon Severson.
0:09 of 3rd period - Slapshot by Devin Shore.
0:09 of 3rd period - Shot Misses the Net.
0:29 of 3rd period - Snap shot by Jack Roslovic.
0:29 of 3rd period - Shot Blocked by Damon Severson.
0:35 of 3rd period - Snap shot by Max Friberg.
0:35 of 3rd period - Shot Misses the Net.
1:13 of 3rd period - Snap shot by T.J. Tynan.
1:13 of 3rd period - Goal by T.J. Tynan - Thunderbirds : 3 - Rampage : 4.
1:14 of 3rd period - Martin Hanzal wins face-off versus Jujhar Khaira in neutral zone.
1:41 of 3rd period - Jack Roslovic is hit by Lawson Crouse.
1:44 of 3rd period - Off-side.
1:45 of 3rd period - Jack Roslovic wins face-off versus Kyle Rau in neutral zone.
1:48 of 3rd period - Wrist shot by Tony DeAngelo.
1:48 of 3rd period - Shot Blocked by Lawson Crouse.
1:50 of 3rd period - Minor Penalty to Jakub Zboril for Slashing.
1:51 of 3rd period - Devin Shore wins face-off versus Martin Hanzal in Rampage zone.
1:56 of 3rd period - Wrist shot by Devin Shore.
1:56 of 3rd period - Deflect By Jujhar Khaira.
1:56 of 3rd period - Goal by Jujhar Khaira - Thunderbirds : 4 - Rampage : 4.
1:57 of 3rd period - Martin Hanzal wins face-off versus Devin Shore in neutral zone.
2:00 of 3rd period - Snap shot by Martin Hanzal.
2:00 of 3rd period - Stopped by Anders Nilsson with a rebound.
2:02 of 3rd period - Slapshot by Jamie Oleksiak.
2:02 of 3rd period - Deflect By Alexandre Grenier.
2:02 of 3rd period - Stopped by Anders Nilsson without a rebound.
2:03 of 3rd period - Martin Hanzal wins face-off versus Devin Shore in Thunderbirds zone.
2:15 of 3rd period - Wrist shot by Martin Hanzal.
2:15 of 3rd period - Stopped by Anders Nilsson without a rebound.
2:16 of 3rd period - Devin Shore wins face-off versus Martin Hanzal in Thunderbirds zone.
2:32 of 3rd period - Wrist shot by Blake Pietila.
2:32 of 3rd period - Shot Misses the Net.
3:30 of 3rd period - Christoffer Ehn is hit by Matthew Highmore.
3:34 of 3rd period - Slapshot by Victor Olofsson.
3:34 of 3rd period - Stopped by Anders Nilsson with a rebound.
3:36 of 3rd period - Slapshot by Damon Severson.
3:36 of 3rd period - Shot Misses the Net.
3:38 of 3rd period - Snap shot by Damon Severson.
3:38 of 3rd period - Deflect By Matthew Highmore.
3:38 of 3rd period - Shot Blocked by Roland McKeown.
3:38 of 3rd period - Puck is out of play.
3:39 of 3rd period - Devin Shore wins face-off versus Martin Hanzal in Thunderbirds zone.
3:39 of 3rd period - Devin Shore is hit by Alexandre Grenier.
4:16 of 3rd period - Wrist shot by T.J. Tynan.
4:16 of 3rd period - Stopped by Laurent Brossoit with a rebound.
4:50 of 3rd period - Slapshot by Martin Frk.
4:50 of 3rd period - Deflect By Jack Roslovic.
4:50 of 3rd period - Shot Misses the Net.
4:50 of 3rd period - Puck is out of play.
4:51 of 3rd period - T.J. Tynan wins face-off versus Martin Hanzal in Rampage zone.
5:02 of 3rd period - Slapshot by Joe Morrow.
5:02 of 3rd period - Stopped by Anders Nilsson with a rebound.
5:04 of 3rd period - Wrist shot by Martin Hanzal.
5:04 of 3rd period - Shot Blocked by Brandon Montour.
5:06 of 3rd period - Snap shot by Martin Hanzal.
5:06 of 3rd period - Shot Misses the Net.
5:23 of 3rd period - Joe Morrow is hit by Roland McKeown and loses puck.
5:42 of 3rd period - Jamie Oleksiak is hit by Jack Roslovic and loses puck.
5:53 of 3rd period - Backhand shot by Jacob De La Rose.
5:53 of 3rd period - Stopped by Laurent Brossoit without a rebound.
5:54 of 3rd period - Martin Hanzal wins face-off versus Christoffer Ehn in Rampage zone.
6:24 of 3rd period - Minor Penalty to Martin Marincin for Hooking.
6:25 of 3rd period - Christoffer Ehn wins face-off versus Alexandre Grenier in Thunderbirds zone.
6:25 of 3rd period - Christoffer Ehn is hit by Martin Hanzal.
6:52 of 3rd period - Max Friberg is hit by Brandon Montour.
7:02 of 3rd period - Wrist shot by Max Friberg.
7:02 of 3rd period - Deflect By Kyle Rau.
7:02 of 3rd period - Goal by Kyle Rau - Thunderbirds : 4 - Rampage : 5.
7:03 of 3rd period - T.J. Tynan wins face-off versus Martin Hanzal in neutral zone.
7:07 of 3rd period - Minor Penalty to Alexandre Grenier for Tripping.
7:08 of 3rd period - Martin Hanzal wins face-off versus Jujhar Khaira in Rampage zone.
7:15 of 3rd period - Snap shot by Devin Shore.
7:15 of 3rd period - Shot Blocked by Martin Hanzal.
7:17 of 3rd period - Wrist shot by Jujhar Khaira.
7:17 of 3rd period - Shot Misses the Net.
9:07 of 3rd period - Penalty to Alexandre Grenier is over, Alexandre Grenier is back on ice.
9:14 of 3rd period - Slapshot by Valentin Zykov.
9:14 of 3rd period - Stopped by Laurent Brossoit with a rebound.
9:33 of 3rd period - Minor Penalty to Lawson Crouse for Hooking.
9:34 of 3rd period - Devin Shore wins face-off versus Martin Hanzal in Rampage zone.
9:35 of 3rd period - Slapshot by Jujhar Khaira.
9:35 of 3rd period - Deflect By T.J. Tynan.
9:35 of 3rd period - Shot Misses the Net.
9:35 of 3rd period - Puck is out of play.
9:36 of 3rd period - Blake Pietila wins face-off versus Devin Shore in Rampage zone.
10:07 of 3rd period - Damon Severson is hit by Valentin Zykov and loses puck.
10:38 of 3rd period - Slapshot by Joe Morrow.
10:38 of 3rd period - Stopped by Anders Nilsson without a rebound.
10:39 of 3rd period - Alexandre Grenier wins face-off versus Devin Shore in Thunderbirds zone.
11:33 of 3rd period - Penalty to Lawson Crouse is over, Lawson Crouse is back on ice.
11:34 of 3rd period - Snap shot by Alexandre Grenier.
11:34 of 3rd period - Shot Misses the Net.
11:58 of 3rd period - Snap shot by Thomas Spelling.
11:58 of 3rd period - Shot Misses the Net.
12:35 of 3rd period - Jakub Zboril is hit by Jack Roslovic and loses puck.
13:51 of 3rd period - Jacob De La Rose is hit by Jamie Oleksiak and loses puck.
14:10 of 3rd period - Tony DeAngelo is hit by Kyle Rau and loses puck.
14:32 of 3rd period - Devin Shore is hit by Blake Pietila and loses puck.
14:51 of 3rd period - Wrist shot by Victor Olofsson.
14:51 of 3rd period - Stopped by Anders Nilsson without a rebound.
14:52 of 3rd period - Kyle Rau wins face-off versus Christoffer Ehn in Thunderbirds zone.
14:59 of 3rd period - Slapshot by Max Friberg.
14:59 of 3rd period - Stopped by Anders Nilsson without a rebound.
15:00 of 3rd period - Kyle Rau wins face-off versus T.J. Tynan in Thunderbirds zone.
16:18 of 3rd period - Off-side.
16:19 of 3rd period - Devin Shore wins face-off versus Cameron Darcy in neutral zone.
16:26 of 3rd period - Backhand shot by Tony DeAngelo.
16:26 of 3rd period - Shot Blocked by Anton Lindholm.
16:28 of 3rd period - Slapshot by Tony DeAngelo.
16:28 of 3rd period - Deflect By Devin Shore.
16:28 of 3rd period - Goal by Devin Shore - Thunderbirds : 5 - Rampage : 5.
16:29 of 3rd period - Cameron Darcy wins face-off versus Devin Shore in neutral zone.
16:33 of 3rd period - Jamie Oleksiak is hit by Brandon Montour and loses puck.
16:58 of 3rd period - Icing by Blake Pietila.
16:59 of 3rd period - Blake Pietila wins face-off versus Jack Roslovic in Rampage zone.
17:20 of 3rd period - Snap shot by Blake Pietila.
17:20 of 3rd period - Goal by Blake Pietila - Thunderbirds : 5 - Rampage : 6.
17:21 of 3rd period - Devin Shore wins face-off versus Nolan Vesey in neutral zone.
17:32 of 3rd period - Wrist shot by Thomas Spelling.
17:32 of 3rd period - Deflect By Cameron Darcy.
17:32 of 3rd period - Shot Misses the Net.
17:32 of 3rd period - Puck is out of play.
17:33 of 3rd period - Cameron Darcy wins face-off versus Devin Shore in Thunderbirds zone.
17:43 of 3rd period - Off-side.
17:44 of 3rd period - Devin Shore wins face-off versus Cameron Darcy in neutral zone.
17:58 of 3rd period - Minor Penalty to Nolan Vesey for Holding.
17:59 of 3rd period - Devin Shore wins face-off versus Martin Hanzal in Rampage zone.
18:01 of 3rd period - Wrist shot by Jujhar Khaira.
18:01 of 3rd period - Goal by Jujhar Khaira - Thunderbirds : 6 - Rampage : 6.
18:02 of 3rd period - Cameron Darcy wins face-off versus Devin Shore in neutral zone.
18:52 of 3rd period - Off-side.
18:53 of 3rd period - T.J. Tynan wins face-off versus Kyle Rau in neutral zone.
19:45 of 3rd period - Wrist shot by Jack Roslovic.
19:45 of 3rd period - Stopped by Laurent Brossoit with a rebound.
Goals for this period are 4 for Thunderbirds vs 2 for Rampage.
Shots for this period are 8 for Thunderbirds vs 10 for Rampage.
Overtime #1
0:01 of 1st overtime period - Martin Hanzal wins face-off versus T.J. Tynan in neutral zone.
0:10 of 1st overtime period - Wrist shot by Blake Pietila.
0:10 of 1st overtime period - Shot Misses the Net.
1:00 of 1st overtime period - Wrist shot by Martin Frk.
1:00 of 1st overtime period - Stopped by Laurent Brossoit with a rebound.
1:02 of 1st overtime period - Wrist shot by Martin Frk.
1:02 of 1st overtime period - Stopped by Laurent Brossoit without a rebound.
1:03 of 1st overtime period - Martin Hanzal wins face-off versus T.J. Tynan in Rampage zone.
1:03 of 1st overtime period - Martin Hanzal is hit by Tony DeAngelo.
2:28 of 1st overtime period - Dylan Sikura is hit by Joe Morrow.
2:43 of 1st overtime period - Minor Penalty to Joe Morrow for Goalie Interference.
2:44 of 1st overtime period - Devin Shore wins face-off versus Blake Pietila in Rampage zone.
2:48 of 1st overtime period - Wrist shot by T.J. Tynan.
2:48 of 1st overtime period - Deflect By Devin Shore.
2:48 of 1st overtime period - Shot Misses the Net.
2:48 of 1st overtime period - Puck is out of play.
2:49 of 1st overtime period - Martin Hanzal wins face-off versus Jujhar Khaira in Rampage zone.
2:49 of 1st overtime period - Martin Hanzal is hit by T.J. Tynan.
3:49 of 1st overtime period - Wrist shot by Max Friberg.
3:49 of 1st overtime period - Deflect By Alexandre Grenier.
3:49 of 1st overtime period - Shot Blocked by Patrick Wey.
3:49 of 1st overtime period - Puck is out of play.
3:50 of 1st overtime period - Martin Hanzal wins face-off versus T.J. Tynan in Thunderbirds zone.
4:29 of 1st overtime period - Snap shot by Blake Pietila.
4:29 of 1st overtime period - Stopped by Anders Nilsson with a rebound.
4:43 of 1st overtime period - Penalty to Joe Morrow is over, Joe Morrow is back on ice.
5:09 of 1st overtime period - Michael Stone is hit by Martin Marincin and loses puck.
5:33 of 1st overtime period - Minor Penalty to Lawson Crouse for Tripping.
5:34 of 1st overtime period - Martin Hanzal wins face-off versus T.J. Tynan in Rampage zone.
5:48 of 1st overtime period - Wrist shot by T.J. Tynan.
5:48 of 1st overtime period - Goal by T.J. Tynan - Thunderbirds : 7 - Rampage : 6.
Goals for this period are 1 for Thunderbirds vs 0 for Rampage.
Shots for this period are 3 for Thunderbirds vs 1 for Rampage.